 Dungeon Crawl Stone Soup version 0.21.1-1-g345015f (webtiles) character file.

2846 tidbits the Martial Artist (level 9, -2/74 HPs)
             Began as a Gnoll Transmuter on Feb 14, 2018.
             Was a Follower of Cheibriados.
             Slain by an orc warrior
             ... wielding a +0 war axe
              (23 damage)
             ... on level 11 of the Dungeon.
             The game lasted 00:18:19 (1643 turns).

tidbits the Martial Artist (Gnoll Transmuter)       Turns: 1643, Time: 00:18:20

Health: -2/74      AC:  2    Str: 16    XL:     9   Next: 74%
Magic:  9/19       EV: 27    Int: 21    God:    Cheibriados [*.....]
Gold:   166        SH:  0    Dex: 24    Spells: 6/21 levels left

rFire    . . .     SeeInvis +     - Unarmed
rCold    . . .     Gourm    .   (shield currently unavailable)
rNeg     . . .     Faith    .   (armour currently unavailable)
rPois    x         Spirit   .   (helmet currently unavailable)
rElec    .         Reflect  .   (cloak currently unavailable)
rCorr    .         Harm     .   (gloves currently unavailable)
MR       .....     Clarity  +   (boots currently unavailable)
Stlth    +++.......             (no amulet)
HPRegen  0.22/turn              (no ring)
MPRegen  0.16/turn              s - ring of see invisible

@: spider-form, flying, drained, very slow
A: tiny, distributed training, clarity, robust 1, strong nose
a: End Transformation, Bend Time, Renounce Religion


You were on level 11 of the Dungeon.
You worshipped Cheibriados.
Cheibriados was aware of your devotion.
You were hungry.
You were a venomous arachnid creature.
You visited 2 branches of the dungeon, and saw 12 of its levels.

You collected 222 gold pieces.
You spent 56 gold pieces at shops.

Inventory:

Hand Weapons
 a - a +2 dagger of venom (melded)
   (You took it off an orc on level 9 of the Dungeon)
 g - a +1 falchion of electrocution
   (You found it on level 3 of the Dungeon)
 h - a +0 dagger
 k - a +0 blowgun
 v - the +6 war axe of Humunk {flame, rElec Str+2 Int+3 Dex-5}
   (You found it on level 9 of the Dungeon)

   It has been specially enchanted to burn those struck by it, causing extra
   injury to most foes and up to half again as much damage against particularly
   susceptible opponents.
   Big, fiery blades are also staple armaments of hydra-hunters.
   It affects your strength (+2).
   It affects your intelligence (+3).
   It affects your dexterity (-5).
   It insulates you from electricity.
 w - a +2 trident of venom
   (You took it off an orc on level 9 of the Dungeon)
Missiles
 f - 95 stones (quivered)
 x - 82 arrows
Armour
 b - a +0 robe (melded)
 e - a +3 scale mail of fire resistance
   (You took it off Terence on level 3 of the Dungeon)
 C - a +1 cloak (melded)
Jewellery
 s - a ring of see invisible (right front leg)
   (You found it on level 8 of the Dungeon)
 y - an uncursed ring of flight {unknown}
   (You took it off a wight on level 11 of the Dungeon)
Wands
 i - a wand of acid (7)
 o - a wand of polymorph (11)
 p - a wand of flame (18)
Scrolls
 j - a scroll of teleportation
 q - a scroll of blinking
 r - a scroll of magic mapping
Potions
 m - 2 potions of brilliance
 n - a potion of curing
 u - a potion of agility
 z - a potion of flight
Books
 d - a book of Changes

   Spells                             Type                      Level
   a - Beastly Appendage              Transmutation                1
   b - Sticks to Snakes               Transmutation                2
   c - Spider Form                    Transmutation/Poison         3
   d - Ice Form                       Ice/Transmutation            4
   e - Blade Hands                    Transmutation                5
 t - a book of Power
   (You found it on level 8 of the Dungeon)

   Spells                             Type                      Level
   a - Iskenderun's Battlesphere      Conjuration/Charms           5
   b - Venom Bolt                     Conjuration/Poison           5
   c - Bolt of Magma                  Conjuration/Fire/Earth       5
   d - Iron Shot                      Conjuration/Earth            6
   e - Orb of Destruction             Conjuration                  7
   f - Spellforged Servitor           Conjuration/Summoning        7
 A - a book of Flames
   (You found it on level 11 of the Dungeon)

   Spells                             Type                      Level
   a - Flame Tongue                   Conjuration/Fire             1
   b - Throw Flame                    Conjuration/Fire             2
   c - Conjure Flame                  Conjuration/Fire             3
   d - Inner Flame                    Hexes/Fire                   3
   e - Sticky Flame                   Conjuration/Fire             4
   f - Fireball                       Conjuration/Fire             5
Comestibles
 c - 8 rations


   Skills:
 + Level 5.2(4.9) Fighting
 + Level 4.4(4.2) Short Blades
 + Level 4.4(4.2) Long Blades
 + Level 4.4(4.2) Axes
 + Level 4.4(4.2) Maces & Flails
 + Level 4.4(4.2) Polearms
 + Level 4.4(4.2) Staves
 + Level 4.4(4.2) Slings
 + Level 4.4(4.2) Bows
 + Level 4.4(4.2) Crossbows
 + Level 4.4(4.2) Throwing
 + Level 4.4(4.2) Armour
 + Level 6.4(6.2) Dodging
 + Level 4.4(4.2) Stealth
 + Level 4.4(4.2) Shields
 + Level 8.0(7.7) Unarmed Combat
 + Level 6.8(6.5) Spellcasting
 + Level 3.6(3.4) Conjurations
 + Level 3.6(3.4) Hexes
 + Level 3.6(3.4) Charms
 + Level 3.6(3.4) Summonings
 + Level 3.6(3.4) Necromancy
 + Level 3.6(3.4) Translocations
 + Level 5.3(5.1) Transmutations
 + Level 3.6(3.4) Fire Magic
 + Level 3.6(3.4) Ice Magic
 + Level 3.6(3.4) Air Magic
 + Level 3.6(3.4) Earth Magic
 + Level 3.6(3.4) Poison Magic
 + Level 4.9(4.6) Invocations
 + Level 4.4(4.2) Evocations


You had 6 spell levels left.
You knew the following spells:

 Your Spells              Type           Power        Failure   Level  Hunger
e - Beastly Appendage     Tmut           ####..       5%          1    None
h - Blade Hands           Tmut           ####......   52%         5    #####..
i - Ice Form              Ice/Tmut       ###.....     34%         4    ###....
k - Sticks to Snakes      Tmut           ####....     7%          2    None
p - Spider Form           Tmut/Pois      ###.......   14%         3    #......


Dungeon Overview and Level Annotations

Branches:
Dungeon (11/15)            Temple (1/1) D:4            Lair (0/6) D:11
    Orc: D:9-12

Altars:
Ashenzari
Cheibriados
Dithmenos
Elyvilon
Fedhas
Gozag
Kikubaaqudgha
Makhleb
Nemelex Xobeh
Okawaru
Qazlal
Ru
Sif Muna
Trog
Uskayaw
Vehumet
Wu Jian
Xom
Yredelemnul
The Shining One

Shops:
D:5 ?   D:10 *

Portals:
Labyrinth: D:11


Innate Abilities, Weirdness & Mutations

Your experience applies equally to all skills.
((You have very sharp teeth.))
Your uncanny sense of smell can sniff out nearby items.
You possess an exceptional clarity of mind.
((Your flesh is heat resistant. (rF+)))
You are robust. (+10% HP)


Message History

Your +2 dagger of venom begins to drip with poison!
An orc warrior comes into view. It is wielding a war axe.
Items here: % ( )) = [[ †
y - a large silver ring
Okay, then.
You swap places.
Found 11 bolts.
Your adder withers and dies!
You hear a distant slurping noise.
An orc comes into view. It is wielding a flail.
You see here 15 gold pieces.
You now have 166 gold pieces (gained 15).
An orc priest comes into view. It is wielding a dagger.
Your magical contamination has completely faded away.
You see here a book of Flames.
A - a book of Flames The orc warrior misses your adder.
Casting: Sticks to Snakes
Confirm with . or Enter, or press ? or * to list all spells.
Okay, then.
It was a potion of flight.
You feel very buoyant.
You fly up into the air.
The orc warrior misses your adder.
You feel much better.
Okay, then.
Unknown command.
Casting: Sticks to Snakes
Confirm with . or Enter, or press ? or * to list all spells.
You create a snake!
You now have 84 arrows.
The orc warrior hits your adder with a war axe!
Your adder dies!
The orc warrior hits your adder with a war axe!
Your adder dies!
The orc priest miscasts a cantrip.
Casting: Sticks to Snakes
Confirm with . or Enter, or press ? or * to list all spells.
You turn into a venomous arachnid creature.
Your +2 dagger of venom melds into your body.
Your +1 cloak melds into your body.
Your +0 robe melds into your body.
Your +2 dagger of venom stops dripping with poison.
Casting: Spider Form
Confirm with . or Enter, or press ? or * to list all spells.
You create 2 snakes!
You now have 82 arrows.
You hear the urgent ticking of a clock nearby.
You bite the orc!
You kill the orc!
Cheibriados thoroughly appreciates the change of pace.
Cheibriados raises the support of your attributes as your movement slows.
The orc warrior hits you with a war axe!!
* * * LOW HITPOINT WARNING * * *
The orc priest closely misses you.
You barely miss the orc priest.
Your adder barely misses the orc warrior.
Your ball python bites the orc warrior but does no damage.
Your ball python grabs the orc warrior.
Your ball python constricts the orc warrior.
The orc priest completely misses you.
The orc warrior completely misses your ball python.
The orc warrior barely misses you.
The orc warrior closely misses your adder.
You bite the orc warrior!
The orc warrior is poisoned.
The orc warrior is moderately wounded.
Your adder bites the orc warrior but does no damage.
Your ball python bites the orc warrior but does no damage.
Your ball python constricts the orc warrior.
The orc priest calls upon Beogh to heal the orc warrior.
The orc warrior is healed somewhat.
You hit the orc warrior.
The orc warrior looks as sick as possible!
The orc warrior is moderately wounded.
Your adder bites the orc warrior but does no damage.
The orc warrior misses you.
The orc warrior hits your adder with a war axe!
The orc warrior barely misses your ball python.
Your ball python bites the orc warrior but does no damage.
Your ball python constricts the orc warrior.
You bite the orc warrior!
The orc warrior looks as sick as possible!
The orc warrior is heavily wounded.
Your adder bites the orc warrior.
The orc priest barely misses you.
Your ball python bites the orc warrior but does no damage.
Your ball python constricts the orc warrior.
The orc warrior hits your ball python with a war axe!!
Your ball python dies!
The orc warrior hits you with a war axe!
* * * LOW HITPOINT WARNING * * *
The orc warrior hits your adder with a war axe!
Your adder dies!
The orc warrior shouts!
You hit the orc warrior but do no damage.
The orc warrior looks as sick as possible!
The orc warrior is severely wounded.
The orc priest calls upon Beogh to heal the orc warrior.
The orc warrior is healed somewhat.
You feel better. The orc warrior completely misses you.
The orc priest barely misses you.
You closely miss the orc warrior.
The orc warrior is severely wounded.
The orc warrior hits you with a war axe!!
You die...

#.#######.#....',,,
#.........#..o.#,,,
#.........#....#,,,
#.........#....#,,,
#.........#....#,,,
#........∩#....####
#.........#........
#..o......##'####.<
#.so.......)....#,.
#(.).....).#....#,,
#..........#....#**
#..........#.......
#..........#.......
#..........#.......
#..........#.......
#..........#.......
#...........,,,,,,,


You could see an orc warrior and an orc priest.

Vanquished Creatures
  A two-headed ogre (D:9)
  A tengu conjurer (D:11)
  An orc warrior (D:6)
  An ice beast (D:10)
  A black bear (D:8)
  A sky beast (D:5)
  An ogre (D:6)
  A centaur (D:7)
  Blork the orc (D:6)
  A bullfrog (D:6)
  2 scorpions
  2 wights (D:11)
  A howler monkey (D:6)
  2 centaur zombies
  A crimson imp (D:6)
  2 jellies
  An orc wizard (D:6)
  An orc priest (D:6)
  A hound (D:11)
  2 bullfrog skeletons
  Terence (D:3)
  5 worker ants
  4 adders
  A shadow imp (D:8)
  An ooze (D:5)
  An adder skeleton (D:9)
  2 worms
  2 leopard geckos
  8 orcs
  A giant cockroach (D:2)
  A hobgoblin (D:2)
  A kobold (D:3)
  3 rats
56 creatures vanquished.

Vanquished Creatures (collateral kills)
  A hippogriff (D:11)
  A scorpion (D:4)
  A wight (D:11)
  A crimson imp (D:10)
  An orc wizard (D:9)
  2 adder zombies (D:8)
7 creatures vanquished.

Vanquished Creatures (others)
  3 fungi (D:11)
  10 plants (D:11)
13 creatures vanquished.

Grand Total: 76 creatures vanquished

Notes
Turn   | Place    | Note
-------+----------+-------------------------------------------
     0 | D:1      | tidbits the Gnoll Transmuter began the quest for the Orb.
     0 | D:1      | Reached XP level 1. HP: 17/17 MP: 6/6
    86 | D:2      | Reached XP level 2. HP: 7/23 MP: 5/7
    90 | D:2      | Learned a level 2 spell: Sticks to Snakes
   142 | D:2      | Found an opulent altar of Gozag.
   170 | D:3      | Found an iron altar of Okawaru.
   177 | D:3      | Noticed Terence
   187 | D:3      | Killed Terence
   187 | D:3      | Reached skill level 5 in Spellcasting
   187 | D:3      | Reached XP level 3. HP: 25/28 MP: 5/9
   256 | D:3      | Learned a level 3 spell: Spider Form
   264 | D:4      | Reached skill level 1 in Short Blades
   264 | D:4      | Reached skill level 1 in Long Blades
   264 | D:4      | Reached skill level 1 in Axes
   264 | D:4      | Reached skill level 1 in Maces & Flails
   264 | D:4      | Reached skill level 1 in Polearms
   264 | D:4      | Reached skill level 1 in Staves
   264 | D:4      | Reached skill level 1 in Slings
   264 | D:4      | Reached skill level 1 in Bows
   264 | D:4      | Reached skill level 1 in Crossbows
   264 | D:4      | Reached skill level 1 in Throwing
   264 | D:4      | Reached skill level 1 in Armour
   264 | D:4      | Reached skill level 1 in Stealth
   264 | D:4      | Reached skill level 1 in Shields
   264 | D:4      | Reached skill level 1 in Invocations
   264 | D:4      | Reached skill level 1 in Evocations
   264 | D:4      | Reached XP level 4. HP: 25/34 MP: 8/11
   329 | D:4      | Found a staircase to the Ecumenical Temple.
   336 | Temple   | Entered the Ecumenical Temple
   498 | D:4      | Reached skill level 1 in Conjurations
   498 | D:4      | Reached skill level 1 in Hexes
   498 | D:4      | Reached skill level 1 in Charms
   498 | D:4      | Reached skill level 1 in Summonings
   498 | D:4      | Reached skill level 1 in Necromancy
   498 | D:4      | Reached skill level 1 in Translocations
   498 | D:4      | Reached skill level 1 in Fire Magic
   498 | D:4      | Reached skill level 1 in Ice Magic
   498 | D:4      | Reached skill level 1 in Air Magic
   498 | D:4      | Reached skill level 1 in Earth Magic
   498 | D:4      | Reached skill level 1 in Poison Magic
   507 | D:4      | Reached XP level 5. HP: 40/40 MP: 4/12
   524 | D:5      | Entered Level 5 of the Dungeon
   527 | D:5      | Noticed a sky beast
   537 | D:5      | Killed a sky beast
   537 | D:5      | Reached skill level 3 in Fighting
   537 | D:5      | Reached skill level 4 in Transmutations
   537 | D:5      | Reached skill level 2 in Invocations
   537 | D:5      | Reached XP level 6. HP: 40/47 MP: 2/13
   550 | D:5      | Found Pynix's Magic Scroll Boutique.
   553 | D:5      | Bought a scroll of identify for 28 gold pieces
   553 | D:5      | Bought a scroll of identify for 28 gold pieces
   627 | D:6      | Noticed an orc warrior
   631 | D:6      | Reached skill level 2 in Short Blades
   631 | D:6      | Reached skill level 2 in Long Blades
   631 | D:6      | Reached skill level 2 in Axes
   631 | D:6      | Reached skill level 2 in Maces & Flails
   631 | D:6      | Reached skill level 2 in Polearms
   631 | D:6      | Reached skill level 2 in Staves
   631 | D:6      | Reached skill level 2 in Slings
   631 | D:6      | Reached skill level 2 in Bows
   631 | D:6      | Reached skill level 2 in Crossbows
   631 | D:6      | Reached skill level 2 in Throwing
   631 | D:6      | Reached skill level 2 in Armour
   631 | D:6      | Reached skill level 5 in Dodging
   631 | D:6      | Reached skill level 2 in Stealth
   631 | D:6      | Reached skill level 2 in Shields
   631 | D:6      | Reached skill level 2 in Evocations
   638 | D:6      | Killed an orc warrior
   638 | D:6      | Reached XP level 7. HP: 10/52 MP: 5/15
   654 | D:6      | Gained mutation: You possess an exceptional clarity of mind. [potion of mutation]
   654 | D:6      | Gained mutation: You are robust. (+10% HP) [potion of mutation]
   654 | D:6      | Gained mutation: Your flesh is heat resistant. (rF+) [potion of mutation]
   689 | D:6      | Reached skill level 7 in Unarmed Combat
   736 | D:6      | Reached skill level 2 in Conjurations
   736 | D:6      | Reached skill level 2 in Hexes
   736 | D:6      | Reached skill level 2 in Charms
   736 | D:6      | Reached skill level 2 in Summonings
   736 | D:6      | Reached skill level 2 in Necromancy
   736 | D:6      | Reached skill level 2 in Translocations
   736 | D:6      | Reached skill level 2 in Fire Magic
   736 | D:6      | Reached skill level 2 in Ice Magic
   736 | D:6      | Reached skill level 2 in Air Magic
   736 | D:6      | Reached skill level 2 in Earth Magic
   736 | D:6      | Reached skill level 2 in Poison Magic
   773 | D:6      | Noticed Blork the orc
   785 | D:6      | Killed Blork the orc
   805 | D:6      | Reached skill level 3 in Invocations
   845 | D:7      | Reached XP level 8. HP: 26/66 MP: 10/16
   888 | D:8      | Reached skill level 4 in Fighting
   888 | D:8      | Reached skill level 3 in Short Blades
   888 | D:8      | Reached skill level 3 in Long Blades
   888 | D:8      | Reached skill level 3 in Axes
   888 | D:8      | Reached skill level 3 in Maces & Flails
   888 | D:8      | Reached skill level 3 in Polearms
   888 | D:8      | Reached skill level 3 in Staves
   888 | D:8      | Reached skill level 3 in Slings
   888 | D:8      | Reached skill level 3 in Bows
   888 | D:8      | Reached skill level 3 in Crossbows
   888 | D:8      | Reached skill level 3 in Throwing
   888 | D:8      | Reached skill level 3 in Armour
   888 | D:8      | Reached skill level 3 in Stealth
   888 | D:8      | Reached skill level 3 in Shields
   888 | D:8      | Reached skill level 3 in Evocations
   954 | D:8      | Found a stormy altar of Qazlal.
   961 | D:8      | Found a snail-covered altar of Cheibriados.
   965 | D:8      | Became a worshipper of Cheibriados the Contemplative
   970 | D:8      | Found a sacrificial altar of Ru.
  1103 | D:8      | Learned a level 5 spell: Blade Hands
  1104 | D:9      | Noticed a two-headed ogre
  1120 | D:10     | Entered Level 10 of the Dungeon
  1122 | D:10     | Reached skill level 6 in Spellcasting
  1177 | D:10     | Found Otseurul's Island Escapes.
  1184 | D:9      | Found an iron altar of Okawaru.
  1190 | D:9      | Killed a two-headed ogre
  1190 | D:9      | Reached skill level 6 in Dodging
  1190 | D:9      | Reached skill level 3 in Conjurations
  1190 | D:9      | Reached skill level 3 in Hexes
  1190 | D:9      | Reached skill level 3 in Charms
  1190 | D:9      | Reached skill level 3 in Summonings
  1190 | D:9      | Reached skill level 3 in Necromancy
  1190 | D:9      | Reached skill level 3 in Translocations
  1190 | D:9      | Reached skill level 5 in Transmutations
  1190 | D:9      | Reached skill level 3 in Fire Magic
  1190 | D:9      | Reached skill level 3 in Ice Magic
  1190 | D:9      | Reached skill level 3 in Air Magic
  1190 | D:9      | Reached skill level 3 in Earth Magic
  1190 | D:9      | Reached skill level 3 in Poison Magic
  1190 | D:9      | Reached skill level 4 in Invocations
  1190 | D:9      | Reached XP level 9. HP: 72/72 MP: 14/18
  1226 | D:9      | Got a crude war axe
  1250 | D:9      | Identified the +6 war axe of Humunk {flame, rElec Str+2 Int+3 Dex-5} (You found it on level 9 of the Dungeon)
  1347 | D:11     | Noticed a tengu conjurer
  1358 | D:11     | Killed a tengu conjurer
  1358 | D:11     | Reached skill level 4 in Short Blades
  1358 | D:11     | Reached skill level 4 in Long Blades
  1358 | D:11     | Reached skill level 4 in Axes
  1358 | D:11     | Reached skill level 4 in Maces & Flails
  1358 | D:11     | Reached skill level 4 in Polearms
  1358 | D:11     | Reached skill level 4 in Staves
  1358 | D:11     | Reached skill level 4 in Slings
  1358 | D:11     | Reached skill level 4 in Bows
  1358 | D:11     | Reached skill level 4 in Crossbows
  1358 | D:11     | Reached skill level 4 in Throwing
  1358 | D:11     | Reached skill level 4 in Armour
  1358 | D:11     | Reached skill level 4 in Stealth
  1358 | D:11     | Reached skill level 4 in Shields
  1358 | D:11     | Reached skill level 4 in Evocations
  1359 | D:11     | Reached * piety under Cheibriados
  1402 | D:11     | Noticed a deep elf mage
  1446 | D:10     | Learned a level 4 spell: Ice Form
  1575 | D:11     | Reached skill level 5 in Fighting
  1582 | D:11     | Found a labyrinth entrance.
  1597 | D:11     | Reached skill level 8 in Unarmed Combat
  1643 | D:11     | Slain by an orc warrior

Skill      XL: |  1  2  3  4  5  6  7  8  9 |
---------------+----------------------------+-----
Spellcasting   | 5 6 |  6.8
Short Blades   | 1 2 3 4 |  4.4
Long Blades    | 1 2 3 4 |  4.4
Axes           | 1 2 3 4 |  4.4
Maces & Flails | 1 2 3 4 |  4.4
Polearms       | 1 2 3 4 |  4.4
Staves         | 1 2 3 4 |  4.4
Slings         | 1 2 3 4 |  4.4
Bows           | 1 2 3 4 |  4.4
Crossbows      | 1 2 3 4 |  4.4
Throwing       | 1 2 3 4 |  4.4
Armour         | 1 2 3 4 |  4.4
Stealth        | 1 2 3 4 |  4.4
Shields        | 1 2 3 4 |  4.4
Invocations    | 1 2 3 4 |  4.9
Evocations     | 1 2 3 4 |  4.4
Conjurations   | 1 2 3 |  3.6
Hexes          | 1 2 3 |  3.6
Charms         | 1 2 3 |  3.6
Summonings     | 1 2 3 |  3.6
Necromancy     | 1 2 3 |  3.6
Translocations | 1 2 3 |  3.6
Fire Magic     | 1 2 3 |  3.6
Ice Magic      | 1 2 3 |  3.6
Air Magic      | 1 2 3 |  3.6
Earth Magic    | 1 2 3 |  3.6
Poison Magic   | 1 2 3 |  3.6
Fighting       | 3 4 5 |  5.2
Transmutations | 4 5 |  5.3
Dodging        | 5 6 |  6.4
Unarmed Combat | 7 8 |  8.0

Action                   |  1- 3 |  4- 6 |  7- 9 || total
-------------------------+-------+-------+-------++-------
Melee: Unarmed           |    23 |    37 |   156 ||   216
       Headbutt          |     3 |       |       ||     3
       Bite              |     1 |       |     1 ||     2
       Kick              |     1 |       |       ||     1
       Punch             |     1 |       |       ||     1
       Dagger            |       |     1 |     5 ||     6
 Cast: Beastly Appendage |     5 |       |       ||     5
       Sticks to Snakes  |     2 |     3 |    20 ||    25
       Spider Form       |     1 |     6 |    18 ||    25
       Ice Form          |       |       |     1 ||     1
 Abil: End Transformatio |       |       |     1 ||     1
Evoke: Wand              |       |       |     3 ||     3
  Use: Potion            |     1 |     1 |     7 ||     9
       Scroll            |     3 |     3 |     9 ||    15
 Stab: Distracted        |     1 |       |     3 ||     4
       Sleeping          |       |     1 |     5 ||     6
  Eat: Ration            |     1 |       |       ||     1
Armor: Robe              |     1 |       |       ||     1
       Skin              |     1 |       |    19 ||    20
Dodge: Dodged            |     8 |    24 |   113 ||   145

Table legend:
 A = Turns spent in this place as a percentage of turns spent in the entire game.
 B = Non-inter-level travel turns spent in this place as a percentage of non-inter-level travel turns spent in the entire game.
 C = Inter-level travel turns spent in this place as a percentage of turns spent in this place.
 D = Turns resting spent in this place as a percentage of non-inter-level travel turns spent in this place.
 E = Turns spent auto-exploring this place as a percentage of non-inter-level travel turns spent in this place.
 F = Non-inter-level travel turns spent in this place divided by the number of levels of this place that you've seen.
                   A       B       C       D       E      F
               +-------+-------+-------+-------+-------+----------------------
         Total | 100.0 | 100.0 |   1.3 |   0.0 |   0.0 | 135.1
       Dungeon |  93.6 |  94.9 |   0.0 |   0.0 |   0.0 | 139.8
        Temple |   6.4 |   5.1 |  21.0 |   0.0 |   0.0 |  83.0
               +-------+-------+-------+-------+-------+----------------------

Table legend:
 A = Kills in this place as a percentage of kills in entire the game.
 B = Kills by you in this place as a percentage of kills by you in the entire game.
 C = Kills by friends in this place as a percentage of kills by friends in the entire game.
 D = Other kills in this place as a percentage of other kills in the entire game.
 E = Experience gained in this place as a percentage of experience gained in the entire game.
 F = Experience gained in this place divided by the number of levels of this place that you have seen.
                   A       B       C       D       E      F
               +-------+-------+-------+-------+-------+----------------------
         Total | 100.0 | 100.0 | 100.0 |   N/A | 100.0 | 338.8
       Dungeon | 100.0 | 100.0 | 100.0 |   N/A | 100.0 | 369.6
               +-------+-------+-------+-------+-------+----------------------

Vault maps used:
D:1:      dpeg_arrival_rhombus, minmay_misc_feat_square, hex_large,
          lexackson_kobold_supper
D:2:      lemuel_round_altar
D:3:      serial_bayou_pond_a, okawaru_ov_weapons_minmay, uniq_grinder,
          uniq_terence
D:4:      kennysheep_little_box, minmay_temple_entry_statues_fountains,
          first_ration
D:5:      serial_shops, kennysheep_mini, shop_fountains,
          nicolae_shop_behind_doors, kennysheep_mini_moat
D:6:      uniq_blork_the_orc
D:8:      grunt_temple_overflow_diamond, hangedman_pestilent_swarm
D:9:      zin_angel, erik_orc_2, basic_altar
D:10:     nicolae_island_escapes
D:11:     minmay_lair_entry_grove, lab_entry_generic
Temple:   regret_index_temple_sphere_string
